 Dungeon Sprint DCSS version 0.31-a0-774-g0d66cbabe8 (webtiles) character file.

Game seed: 5158871588171116727

10118 Conn the Scorcher (level 11, -2/65 HPs)
             Began as an Octopode Fire Elementalist on Sept 17, 2023.
             Was the Champion of Sif Muna.
             Engulfed by their own flame (6 damage)
             ... in the Dungeon (Sprint I: "Red Sonja").
             The game lasted 00:16:48 (2002 turns).

Conn the Scorcher (Octopode Fire Elementalist)      Turns: 2002, Time: 00:16:49

Health: -2/65      AC:  5    Str:  8    XL:     11   Next: 57%
Magic:  10/26      EV: 16    Int: 22    God:    Sif Muna [******]
Gold:   170        SH:  0    Dex: 16    Spells: 1/38 levels left

rFire   + + .        p - staff of fire
rCold   . . .        (no shield)
rNeg    . . .        (helmet restricted)
rPois   .            (no amulet)
rElec   +            n - ring "Raotom" {rElec rF+ AC+4 Dex+4}
rCorr   .            (no ring)
SInv    .            (no ring)
Will    .....        (no ring)
Stlth   +++          (no ring)
HPRegen 0.30/turn    (no ring)
MPRegen 0.20/turn    (no ring)
                     (no ring)

%: no teleportation
@: channelling, hasted, very quick
A: almost no armour, amphibious, 8 rings, camouflage 1, gelatinous body 1,
(nimble swimmer 1), tentacles, low MP 1
a: Renounce Religion, Channel Magic, Forget Spell, Divine Exegesis


You were in the Dungeon.
You worshipped Sif Muna.
Sif Muna was exalted by your worship.
You visited 1 branch You collected 1462 gold pieces.
You spent 1292 gold pieces at shops.

Inventory:

Hand Weapons
 g - a +0 dagger
 h - the +2 spear "Naezer" {drain, Int+3}
   (You bought it in a shop in the Dungeon)

   Int+3:     It affects your intelligence (+3).
 o - the +4 scimitar of Radicalism {flame, *Rage rN+ Int+3}
   (You bought it in a shop in the Dungeon)

   Int+3:     It affects your intelligence (+3).
   rN+:       It protects you from negative energy.
   *Rage:     It berserks you when you make melee attacks (+20% chance).
Missiles
 i - 3 curare-tipped darts (quivered)
Magical Staves
 p - a staff of fire (weapon)
Jewellery
 n - the ring "Raotom" (left tentacle) {rElec rF+ AC+4 Dex+4}
   (You bought it in a shop in the Dungeon)

   [ring of protection]

   AC+4:      It affects your AC (+4).
   Dex+4:     It affects your dexterity (+4).
   rF+:       It protects you from fire.
   rElec:     It insulates you from electricity.
Wands
 e - a wand of paralysis (7)
 m - a wand of flame (6)
Scrolls
 f - a scroll of blinking
 j - a scroll of silence {unknown}
 l - a scroll of identify {unknown}
Potions
 a - 3 potions of magic
 b - 3 potions of curing
 c - a potion of heal wounds
 k - a potion of attraction {unknown}


   Skills:
 + Level 2.5 Fighting
 + Level 3.0 Throwing
 + Level 5.8 Dodging
 - Level 2.6 Stealth
 - Level 14.3 Spellcasting
 * Level 11.4 Conjurations
 + Level 4.3 Hexes
 + Level 0.4 Summonings
 * Level 7.2 Translocations
 + Level 16.7 Fire Magic
 + Level 0.3 Earth Magic
 * Level 7.7 Invocations


You had one spell level left.
You knew the following spells:

 Your Spells              Type           Power      Damage    Failure   Level
a - Foxfire               Conj/Fire      100%       2x1d9     0%          1
b - Scorch                Fire           100%       2d9       0%          2
c - Inner Flame           Hex/Fire       75%        N/A       1%          3
d - Flame Wave            Conj/Fire      86%        2d18      1%          4
e - Stone Arrow           Conj/Erth      82%        3d12      1%          3
f - Dispersal             Tloc           23%        N/A       30%         6
g - Starburst             Conj/Fire      43%        6d12      1%          6
h - Blink                 Tloc           94%        N/A       1%          2
i - Fulminant Prism       Conj/Hex       25%        3d14      1%          4
j - Summon Guardian Gole  Hex/Summ       26%        N/A       4%          3
k - Hailstorm             Conj/Ice       40%        3d10      1%          3

Your spell library contained the following spells:

 Spells                   Type           Power      Damage    Failure   Level
 Lesser Beckoning         Tloc           94%        N/A       1%          2
 Searing Ray              Conj           100%       2d8       1%          2
 Gell's Gravitas          Tloc           47%        N/A       1%          3
 Teleport Other           Tloc           47%        N/A       1%          3
 Volatile Blastmotes      Fire/Tloc      100%       2d18      1%          3
 Summon Mana Viper        Hex/Summ       26%        N/A       38%         5
 Spellforged Servitor     Conj/Summ      20%        N/A       96%         7
 Death Channel            Necr           7%         N/A       99%         6
 Haunt                    Necr/Summ      8%         N/A       100%        7
 Summon Hydra             Summ           8%         N/A       100%        7
 Lehudib's Crystal Spear  Conj/Erth      20%        10d6      100%        8
 Summon Horrible Things   Summ           8%         N/A       100%        8
 Animate Armour           Summ/Erth      Unusable   N/A       N/A         4

Dungeon Overview and Level Annotations

Branches:
Dungeon (1/1)

Altars:
Cheibriados
Dithmenos
Elyvilon
Fedhas
Gozag
Hepliaklqana
Kikubaaqudgha
Makhleb
Nemelex Xobeh
Okawaru
Qazlal
Ru
Sif Muna
Trog
Uskayaw
Vehumet
Wu Jian
Xom
Yredelemnul
Zin
The Shining One
Jiyva
Lugonu

Shops:
D [?((*(=(([(!(=[[:*![[


Innate Abilities, Weirdness & Mutations

You cannot wear most types of armour.
You are amphibious.
You can wear up to eight rings at the same time.
Your skin changes colour to match your surroundings (Stealth+).
Your rubbery body absorbs attacks. (AC +1, EV +1)
((You are camouflaged when in or above water. (Stealth+)))
You have tentacles for arms and can constrict up to eight enemies at once.
Your magical capacity is low. (-10% MP)


Message History

Casting: Flame Wave (safe; 1% risk of failure)
Press: ? - help, Dir - look around, f - activate You feel a surge of power!
A wave of flame ripples out!
The flame wave engulfs the demonic crawler!!
You kill the demonic crawler!
Sif Muna accepts your kill.
The flame wave engulfs the demonic crawler!
The demonic crawler is severely wounded. (Press . to intensify the flame waves.)
The demonic crawler hits you! The demonic crawler hits you.
The demonic crawler hits you!
* * * LOW HITPOINT WARNING * * *
The demonic crawler hits your guardian golem.
Flame seeps out of your guardian golem.
The demonic crawler hits your guardian golem.
Your guardian golem disappears in a puff of smoke!
Your guardian golem explodes!
The fiery explosion engulfs the demonic crawler!! x2
Unknown command.
Unknown command.
Unknown command.
Casting: Flame Wave (safe; 1% risk of failure)
Confirm with . or Enter, or press ? or * to list all spells.
Okay, then.
Unknown command.
Unknown command.
Unknown command.
The demonic crawler attacks as it pursues you!
The demonic crawler barely misses you.
The demonic crawler closely misses you. x2
There is an open door here.
The demonic crawler attacks as it pursues you!
The demonic crawler barely misses you. The demonic crawler hits you!
* * * LOW HITPOINT WARNING * * *
The demonic crawler completely misses you.
Casting: Flame Wave (safe; 1% risk of failure)
Confirm with . or Enter, or press ? or * to list all spells.
You blink.
The demonic crawler gives a hideous shriek!
You are engulfed in blazing flames.
You resist.
You die...

#####################
.)..#..'..#__#:†@§.s#
.#..)..#..'.§s[.#...##+#
###'#####'#__####...'..#
##..#...#)####§.#####..+
_####..##)#~~~.§#..# +##
____##'#_.'§§§.§§§.#
.∩...'..._#§§§..#§.#
..__##_.#'##§#####'###
____###'#[#...(###.'.#


You could see 2 demonic crawlers.

Vanquished Creatures
  2 centaur warriors (D)
  2 demonic crawlers (D)
  Sonja (D)
  A deep troll (D)
  An oklob plant (D)
  8 shining eyes (D)
  2 unseen horrors (D)
  2 kobold demonologists (D)
  A hornet (D)
  A slime creature (D)
  Sigmund (D)
  A yak (D)
  2 redbacks (D)
  6 floating eyes (D)
  An ogre (D)
  7 necrophages (D)
  8 jellies (D)
  Ijyb (D)
  A ballistomycete spore (D)
49 creatures vanquished.

Vanquished Creatures (others)
  A ballistomycete spore (D)
  37 foxfires (D)
  A fulminant prism (D)
39 creatures vanquished.

Grand Total: 88 creatures vanquished

Notes
Turn   | Place    | Note
-------+----------+-------------------------------------------
     0 | D        | Conn the Octopode Fire Elementalist began the quest for the
                  | Orb.
     0 | D        | Reached XP level 1. HP: 11/11 MP: 3/3
     3 | D        | Noticed Ijyb
     8 | D        | Killed Ijyb
     9 | D        | Reached skill level 4 in Fire Magic
     9 | D        | Reached XP level 2. HP: 17/17 MP: 0/6
     9 | D        | Reached XP level 3. HP: 21/21 MP: 0/8
    16 | D        | Learned a level 2 spell: Scorch
    20 | D        | Learned a level 3 spell: Inner Flame
    75 | D        | Noticed an ogre
    79 | D        | Killed an ogre
    80 | D        | Reached skill level 5 in Spellcasting
    80 | D        | Reached skill level 6 in Fire Magic
    80 | D        | Reached XP level 4. HP: 27/27 MP: 4/11
   150 | D        | Learned a level 4 spell: Flame Wave
   150 | D        | Noticed Sigmund
   153 | D        | Killed Sigmund
   154 | D        | Reached skill level 8 in Fire Magic
   154 | D        | Reached XP level 5. HP: 21/31 MP: 9/14
   154 | D        | Reached XP level 6. HP: 25/36 MP: 9/15
   207 | D        | Found an ornate altar of the Wu Jian Council.
   207 | D        | Found a shimmering blue altar of Sif Muna.
   209 | D        | Found a radiant altar of Vehumet.
   213 | D        | Became a worshipper of Sif Muna the Loreminder
   216 | D        | Reached skill level 5 in Conjurations
   262 | D        | Found Yfeu's Antique Weapon Emporium.
   262 | D        | Found an ancient bone altar of Kikubaaqudgha.
   262 | D        | Found a hazy altar of Hepliaklqana.
   262 | D        | Found a stormy altar of Qazlal.
   262 | D        | Found a hide-covered altar of Uskayaw.
   262 | D        | Found a blossoming altar of Fedhas.
   262 | D        | Found a bloodstained altar of Trog.
   262 | D        | Found an iron altar of Okawaru.
   262 | D        | Found a basalt altar of Yredelemnul.
   262 | D        | Found a glowing golden altar of the Shining One.
   262 | D        | Found a snail-covered altar of Cheibriados.
   262 | D        | Found a sacrificial altar of Ru.
   262 | D        | Found a glowing silver altar of Zin.
   262 | D        | Found a shadowy altar of Dithmenos.
   262 | D        | Found a white marble altar of Elyvilon.
   262 | D        | Noticed a yak
   268 | D        | Killed a yak
   269 | D        | Reached skill level 9 in Fire Magic
   272 | D        | Found an opulent altar of Gozag.
   273 | D        | Found a sparkling altar of Nemelex Xobeh.
   277 | D        | Bought an ichor-stained spear for 200 gold pieces
   277 | D        | Identified the +2 spear "Naezer" {drain, Int+3} (You bought
                  | it in a shop in the Dungeon)
   353 | D        | Found a burning altar of Makhleb.
   353 | D        | Found a viscous altar of Jiyva.
   353 | D        | Found a shimmering altar of Xom.
   353 | D        | Found a corrupted altar of Lugonu.
   353 | D        | Noticed a slime creature
   361 | D        | Killed a slime creature
   361 | D        | Reached * piety under Sif Muna
   362 | D        | Reached skill level 10 in Fire Magic
   362 | D        | Reached XP level 7. HP: 39/41 MP: 8/19
   438 | D        | Noticed a kobold demonologist
   440 | D        | Noticed a kobold demonologist
   446 | D        | Killed a kobold demonologist
   447 | D        | Reached skill level 10 in Spellcasting
   447 | D        | Reached skill level 11 in Fire Magic
   447 | D        | Reached XP level 8. HP: 46/46 MP: 13/22
   454 | D        | Killed a kobold demonologist
   454 | D        | Reached ** piety under Sif Muna
   599 | D        | Noticed Sonja
   600 | D        | Killed Sonja
   601 | D        | Reached skill level 12 in Fire Magic
   601 | D        | Reached XP level 9. HP: 52/52 MP: 19/25
   654 | D        | Found Zayref's Antique Armour Boutique.
   676 | D        | Noticed a deep troll
   682 | D        | Killed a deep troll
   683 | D        | Reached skill level 5 in Dodging
   695 | D        | Found Qenwex's Armour Emporium.
   733 | D        | Learned a level 3 spell: Stone Arrow
   733 | D        | Noticed a centaur warrior
   741 | D        | Noticed a centaur warrior
   747 | D        | Killed a centaur warrior
   747 | D        | Killed a centaur warrior
   747 | D        | Reached *** piety under Sif Muna
   748 | D        | Reached skill level 1 in Fighting
   748 | D        | Reached skill level 1 in Throwing
   748 | D        | Reached skill level 13 in Fire Magic
   748 | D        | Reached XP level 10. HP: 6/58 MP: 16/28
   968 | D        | Learned a level 6 spell: Dispersal
   979 | D        | Reached skill level 1 in Translocations
   979 | D        | Reached skill level 1 in Invocations
   993 | D        | Noticed an oklob plant
  1086 | D        | Killed an oklob plant
  1218 | D        | Reached **** piety under Sif Muna
  1219 | D        | Reached skill level 1 in Hexes
  1437 | D        | Paralysed by a floating eye for 3 turns
  1447 | D        | Paralysed by a floating eye for 2 turns
  1456 | D        | Paralysed by a floating eye for 4 turns
  1466 | D        | Paralysed by a floating eye for 4 turns
  1471 | D        | Reached skill level 14 in Fire Magic
  1474 | D        | Reached ***** piety under Sif Muna
  1480 | D        | Received a gift from Sif Muna
  1481 | D        | Got strange book {god gift}
  1484 | D        | Killed an unseen horror
  1490 | D        | Killed an unseen horror
  1491 | D        | Reached skill level 10 in Conjurations
  1613 | D        | Received a gift from Sif Muna
  1623 | D        | Got innocuous book {god gift}
  1691 | D        | Learned a level 6 spell: Starburst
  1694 | D        | Found Celeh's Antique Weapon Shoppe.
  1694 | D        | Found Dani's Jewellery Shop.
  1694 | D        | Found Kukutheugh's Weapon Boutique.
  1696 | D        | Found Gietz's Antique Armour Emporium.
  1696 | D        | Found Ujorcholl's Weapon Shop.
  1696 | D        | Found Weudid's Distillery.
  1696 | D        | Found Kesior's Antique Weapon Boutique.
  1696 | D        | Found Jouch's Jewellery Emporium.
  1696 | D        | Found Zeteniy's Armour Shop.
  1696 | D        | Found Wibla Tazol's Armour Shoppe.
  1700 | D        | Found Yrhism's Book Boutique.
  1701 | D        | Found Kydeung's Distillery.
  1701 | D        | Found Lerphuqep's General Store.
  1702 | D        | Found Ockuc's Armour Emporium.
  1725 | D        | Bought the ring "Raotom" {rElec rF+ AC+4 Dex+4} for 654
                  | gold pieces
  1773 | D        | Learned a level 2 spell: Blink
  1778 | D        | Learned a level 4 spell: Fulminant Prism
  1779 | D        | Noticed a shining eye
  1779 | D        | Noticed a shining eye
  1779 | D        | Noticed a shining eye
  1780 | D        | Gained mutation: Your magical capacity is low. (-10% MP) [a
                  | shining eye]
  1784 | D        | Paralysed by a floating eye for 3 turns
  1785 | D        | Reached skill level 5 in Invocations
  1786 | D        | Noticed a shining eye
  1788 | D        | Killed a shining eye
  1788 | D        | Killed a shining eye
  1789 | D        | Reached skill level 5 in Translocations
  1789 | D        | Reached skill level 15 in Fire Magic
  1789 | D        | Reached XP level 11. HP: 64/64 MP: 12/26
  1791 | D        | Noticed a shining eye
  1792 | D        | Killed a shining eye
  1794 | D        | Noticed a shining eye
  1797 | D        | Received a gift from Sif Muna
  1797 | D        | Killed a shining eye
  1797 | D        | Noticed a shining eye
  1798 | D        | Killed a shining eye
  1799 | D        | Noticed a shining eye
  1800 | D        | Killed a shining eye
  1802 | D        | Killed a shining eye
  1803 | D        | Reached skill level 16 in Fire Magic
  1803 | D        | Killed a shining eye
  1803 | D        | Reached ****** piety under Sif Muna
  1804 | D        | Got upside-down book {god gift}
  1809 | D        | Learned a level 3 spell: Summon Guardian Golem
  1813 | D        | Learned a level 3 spell: Hailstorm
  1925 | D        | Found Zatos's Assorted Antiques.
  1925 | D        | Found Fulowot's Magic Scroll Shoppe.
  1925 | D        | Found Ymnystov's Antique Weapon Boutique.
  1925 | D        | Found Xelog's Antique Weapon Emporium.
  1932 | D        | Bought a brightly glowing scimitar for 162 gold pieces
  1932 | D        | Identified the +4 scimitar of Radicalism {flame, *Rage rN+
                  | Int+3} (You bought it in a shop in the Dungeon)
  1941 | D        | Bought a knobbly jewelled staff for 276 gold pieces
  1988 | D        | Noticed a demonic crawler
  1988 | D        | Noticed a demonic crawler
  1988 | D        | Noticed a demonic crawler
  1988 | D        | Noticed a demonic crawler
  1996 | D        | Killed a demonic crawler
  1996 | D        | Received a gift from Sif Muna
  1999 | D        | Killed a demonic crawler
  2002 | D        | Engulfed by their own flame

Illustrated notes

Levels and vault maps discovered:
D:        dungeon_sprint_1 [red_sonja_temple_1, red_sonja_temple_small_1]

Skill      XL: |  1  2  3  4  5  6  7  8  9 10 11 |
---------------+----------------------------------+-----
Spellcasting   | 3 5 6 9 10 12 14 | 14.3
Conjurations   | 2 3 4 6 7 9 10 11 | 11.4
Fire Magic     | 4 6 8 10 11 12 13 15 16 | 16.7
Dodging        | 3 4 5 |  5.8
Fighting       | 1 2 |  2.5
Throwing       | 1 2 3 |  3.0
Translocations | 5 7 |  7.2
Invocations    | 5 7 |  7.7
Hexes          | 2 4 |  4.3
Stealth        | |  2.6
Summonings     | |  0.4
Earth Magic    | |  0.3

Action                     |  1- 3 |  4- 6 |  7- 9 | 10-12 || total
---------------------------+-------+-------+-------+-------++-------
  Melee: Unarmed           |     3 |       |       |       ||     3
         Constrict         |     1 |       |       |       ||     1
         Tentacles         |     1 |       |       |       ||     1
  Throw: Dart              |       |       |     5 |     1 ||     6
   Cast: Foxfire           |     5 |     2 |    10 |    11 ||    28
         Scorch            |     1 |     6 |    12 |    19 ||    38
         Flame Wave        |       |     2 |     1 |     9 ||    12
         Inner Flame       |       |       |     1 |    12 ||    13
         Fulminant Prism   |       |       |       |     1 ||     1
         Blink             |       |       |       |     3 ||     3
         Stone Arrow       |       |       |       |     2 ||     2
         Summon Guardian G |       |       |       |     2 ||     2
         Starburst         |       |       |       |     2 ||     2
 Invoke: Channel Magic     |       |       |       |     3 ||     3
    Use: Potion            |     1 |       |     1 |     1 ||     3
 Armour: Skin              |       |     2 |     7 |    21 ||    30
  Dodge: Dodged            |       |     3 |     5 |    18 ||    26

Table legend: (Time is in decaauts)
 A = Elapsed time spent in this place.
 B = Non-inter-level travel time spent in this place.
 C = Inter-level travel time spent in this place.
 D = Time resting spent in this place.
 E = Time spent auto-exploring this place.
 F = Levels seen in this place.
 G = Mean time per level.
                   A        B        C        D        E       F      G
               +--------+--------+--------+--------+--------+-----+--------+
         Total |   2002 |   2002 |      0 |   1229 |      0 |   1 | 2002.0 |
       Dungeon |   2002 |   2002 |      0 |   1229 |      0 |   1 | 2002.0 |
               +--------+--------+--------+--------+--------+-----+--------+

Top non-repeatable levels by time:
       D: 2002 daAuts
